 Dungeon Crawl Stone Soup version 0.29.1-1-gd02db6906a (webtiles) character file.

Game seed: 8794156955627018271

473 Rediskos the Chopper (level 7, -6/61 HPs)
             Began as a Hill Orc Fighter on Oct 16, 2022.
             Mangled by an iguana (9 damage)
             ... on level 4 of the Dungeon.
             The game lasted 00:09:11 (3790 turns).

Rediskos the Chopper (Hill Orc Fighter)             Turns: 3790, Time: 00:09:11

Health: -6/61      AC:  9    Str: 19    XL:     7   Next: 10%
Magic:  7/7        EV:  7    Int: 14    God:
Gold:   122        SH:  5    Dex: 12    Spells: 6/6 levels left

rFire   . . .      SeeInvis .   r - +0 hand axe
rCold   . . .      Faith    .   c - +0 buckler
rNeg    . . .      Spirit   .   s - +0 chain mail
rPois   .          Reflect  .   (no helmet)
rElec   .          Harm     .   (no cloak)
rCorr   .          Rampage  .   (no gloves)
Will    +....                   (no boots)
Stlth   ..........              (no amulet)
HPRegen 0.20/turn               h - ring of willpower
MPRegen 0.10/turn               o - +6 ring of intelligence

@: no status effects
A: no striking features
a: no special abilities


You were on level 4 of the Dungeon.
You visited 1 branch of the dungeon, and saw 4 of its levels.

You collected 122 gold pieces.

Inventory:

Hand Weapons
 a - a +0 war axe
 r - a +0 hand axe (weapon)
Missiles
 p - 2 poisoned darts (quivered)
Armour
 c - a +0 buckler (worn)
 s - a +0 chain mail (worn)
Jewellery
 h - a ring of willpower (left hand)
 o - a +6 ring of intelligence (right hand)
Wands
 t - a wand of flame (32)
Scrolls
 d - a scroll of magic mapping {unknown}
 f - a scroll of butterflies {unknown}
 g - 3 scrolls of teleportation
 m - a scroll of enchant armour {unknown}
 q - a scroll of summoning {unknown}
Potions
 b - a potion of heal wounds {unknown}
 e - a potion of mutation
 i - a potion of resistance
 j - a potion of berserk rage {unknown}
 k - a potion of haste {unknown}
 l - 3 potions of ambrosia {unknown}
 n - a potion of curing {unknown}
 u - a potion of attraction {unknown}


   Skills:
 + Level 5.0 Fighting
 * Level 6.1 Axes
 + Level 4.6 Armour
 + Level 2.0 Dodging
 + Level 4.6 Shields


You had 6 spell levels left.
You didn't know any spells.
Your spell library contained the following spells:

 Spells                   Type           Power      Damage    Failure   Level
 Ozocubu's Armour         Ice            0%         N/A       100%        3
 Leda's Liquefaction      Hex/Erth       0%         N/A       100%        4
 Lee's Rapid Deconstruct  Erth           0%         3d5*      100%        5
 Statue Form              Tmut/Erth      0%         N/A       100%        6
 Ozocubu's Refrigeration  Ice            0%         4d7       100%        7


Dungeon Overview and Level Annotations

Branches:
Dungeon (4/15)
 Temple: D:4-7

Altars:


Message History

The iguana is moderately wounded.
The iguana barely misses you.
You hit the iguana.
The iguana is heavily wounded.
The iguana bites you.
* * * LOW HITPOINT WARNING * * *
You hit the iguana but do no damage.
The iguana is heavily wounded.
The iguana bites you but does no damage.
You hit the iguana but do no damage.
The iguana is heavily wounded.
The iguana bites you.
* * * LOW HITPOINT WARNING * * *
You barely miss the iguana.
The iguana is heavily wounded.
You block the iguana's attack.
You hit the iguana but do no damage.
The iguana is heavily wounded.
The iguana barely misses you.
You hit the iguana.
The iguana is severely wounded.
The iguana bites you but does no damage.
You hit the iguana.
The iguana is almost dead.
The iguana bites you but does no damage.
You hit the iguana.
The iguana is almost dead.
You block the iguana's attack.
You closely miss the iguana.
The iguana is almost dead.
The iguana bites you.
* * * LOW HITPOINT WARNING * * *
You closely miss the iguana.
The iguana is almost dead.
The iguana bites you.
* * * LOW HITPOINT WARNING * * *
You hit the iguana but do no damage.
The iguana is almost dead.
The iguana bites you!
You die...

. ###########
.. ##.....#....
...#...........
......l........
.......@.......
##.....<.......
#.$...........
...............
...............
..###.....#....
. ###########


You could see an iguana.

Vanquished Creatures
  Grinder (D:3)
  Sigmund (D:3)
  4 gnolls (D:3)
  2 adders
  2 dart slugs (D:2)
  6 orcs (D:3)
  10 ball pythons
  5 bats
  8 endoplasms
  5 giant cockroaches
  A goblin (D:2)
  6 hobgoblins
  5 quokkas
  3 frilled lizards
  10 kobolds
  8 rats
77 creatures vanquished.

Notes
Turn   | Place    | Note
-------+----------+-------------------------------------------
     0 | D:1      | Rediskos the Hill Orc Fighter began the quest for the Orb.
     0 | D:1      | Reached XP level 1. HP: 19/19 MP: 1/1
   134 | D:1      | Reached skill level 3 in Axes
   136 | D:1      | Reached XP level 2. HP: 24/27 MP: 2/2
   571 | D:1      | Reached XP level 3. HP: 28/33 MP: 3/3
  1187 | D:2      | Reached skill level 1 in Dodging
  1187 | D:2      | Reached XP level 4. HP: 39/40 MP: 4/4
  1286 | D:2      | Reached skill level 4 in Axes
  1763 | D:3      | HP: 1/40 [gnoll/+0 halberd (5)]
  2127 | D:3      | Noticed Sigmund
  2143 | D:3      | HP: 1/40 [something (10)]
  2145 | D:3      | Killed Sigmund
  2146 | D:3      | Reached skill level 5 in Axes
  2146 | D:3      | Reached XP level 5. HP: 1/47 MP: 5/5
  2146 | D:3      | Reached XP level 6. HP: 2/53 MP: 6/6
  2810 | D:3      | Noticed Grinder
  3643 | D:3      | Killed Grinder
  3644 | D:3      | Reached skill level 5 in Fighting
  3644 | D:3      | Reached skill level 6 in Axes
  3644 | D:3      | Reached XP level 7. HP: 39/61 MP: 7/7
  3789 | D:4      | HP: 2/61 [iguana (6)]
  3790 | D:4      | Mangled by an iguana

Illustrated notes

Levels and vault maps discovered:
D:1:      dpeg_arrival_court, layout_rooms, minmay_pentomino_x4
D:2:      layout_basic, minmay_misc_feat_pillars
D:3:      layout_loops_corners, uniq_sigmund, uniq_grinder
D:4:      layout_rooms

Skill      XL: |  1  2  3  4  5  6 |
---------------+-------------------+-----
Axes           | 3 5 6 |  6.1
Fighting       | 4 5 |  5.0
Dodging        | 1 2 |  2.0
Armour         | 4 |  4.6
Shields        | 4 |  4.6

Action                   |  1- 3 |  4- 6 |  7- 9 || total
-------------------------+-------+-------+-------++-------
Melee: War axe           |   100 |    99 |       ||   199
       Hand axe          |       |    38 |    28 ||    66
  Use: Scroll            |       |     3 |       ||     3
       Potion            |       |     1 |       ||     1
Armor: Scale mail        |    58 |    32 |       ||    90
       Chain mail        |       |    18 |     8 ||    26
Dodge: Dodged            |    51 |    55 |     5 ||   111
Block: Buckler           |    23 |    31 |     4 ||    58
